 Dungeon Crawl Stone Soup version 0.22.0-75-g3901e79 (webtiles) character file.

123 Malog the Magician (level 5, 0/31 HPs)
             Began as an Octopode Wizard on Sept 14, 2018.
             Slain by an elf zombie (6 damage)
             ... in an ossuary.
             The game lasted 00:05:17 (3381 turns).

Malog the Magician (Octopode Wizard)                Turns: 3381, Time: 00:05:18

Health: 0/31       AC:  2    Str:  6    XL:     5   Next: 7%
Magic:  0/11       EV: 13    Int: 21    God:
Gold:   188        SH:  0    Dex: 11    Spells: 1/12 levels left

rFire    . . .     SeeInvis .   d - +0 spear
rCold    . . .     Gourm    .   (no shield)
rNeg     . . .     Faith    .   a - +1 hat
rPois    .         Spirit   .   (no amulet)
rElec    .         Reflect  .   (no ring)
rCorr    .         Harm     .   (no ring)
MR       .....                  (no ring)
Stlth    +++.......             (no ring)
HPRegen  0.10/turn              (no ring)
MPRegen  0.12/turn              (no ring)
                                (no ring)
                                (no ring)

@: about to teleport
A: almost no armour, stealthy swim, amphibious, 8 rings, constrict 8, camouflage
1, gelatinous body 1
a: no special abilities


You were in an ossuary.
You were hungry.

You visited 1 branch of the dungeon, and saw 4 of its levels.
You also visited: Ossuary.

You collected 188 gold pieces.

Inventory:

Hand Weapons
 d - a +0 spear (weapon)
Armour
 a - a +1 hat (worn)
Wands
 h - a wand of clouds (7)
 l - a wand of paralysis (9)
Scrolls
 e - a scroll of immolation
 i - 3 scrolls of identify
Potions
 b - a potion of curing
 f - a potion of brilliance {unknown}
 j - a potion of degeneration {unknown}
 m - a potion of mutation {unknown}
Comestibles
 c - 7 rations


   Skills:
 - Level 2.0 Dodging
 - Level 2.6 Stealth
 + Level 4.2 Spellcasting
 + Level 3.3 Conjurations
 - Level 1.0 Summonings
 - Level 1.0 Translocations


You had one spell level left.
You knew the following spells:

 Your Spells              Type           Power        Failure   Level  Hunger
a - Magic Dart            Conj           ###.         3%          1    None
b - Blink                 Tloc           N/A          12%         2    #......
c - Call Imp              Summ           #.......     12%         2    #......
d - Conjure Flame         Conj/Fire      ##......     19%         3    ###....
e - Mephitic Cloud        Conj/Pois/Air  #.......     22%         3    ###....

Your spell library contained the following spells:

 Spells                   Type           Power        Failure   Level  Hunger
 Slow                     Hex            #.......     19%         2    #......


Dungeon Overview and Level Annotations

Branches:
Dungeon (4/15)
 Temple: D:4-7

Altars:
Fedhas
Okawaru
Qazlal

Annotations:
D:4 Pikel


Innate Abilities, Weirdness & Mutations

You cannot wear most types of armour.
You are very stealthy in the water. (Stealth+)
You are amphibious.
You can wear up to eight rings at the same time.
You can use your tentacles to constrict eight enemies at once.
Your skin changes colour to match your surroundings (Stealth+).
Your rubbery body absorbs attacks. (AC +1, EV +1)


Message History

You hit the elf zombie. You grab the elf zombie.
The elf zombie is almost destroyed.
You constrict the elf zombie.
As you read the scroll of teleportation, it crumbles to dust.
You feel strangely unstable.
You constrict the elf zombie. The elf zombie hits you.
* * * LOW HITPOINT WARNING * * *
Unknown command.
Unknown command.
It was a potion of curing.
You feel better.
You constrict the elf zombie. The elf zombie hits you!
* * * LOW HITPOINT WARNING * * *
Unknown command.
Unknown command.
You release your grip on the elf zombie.
The quokka zombie misses you.
Unknown command.
Unknown command.
The adder zombie misses you. The elf zombie hits you.
You die...

........ Z.....
#..Z.# #....#
...# .... ...#
#..# #..# #ZZ#
#..# #.@# #.∩#
#Z.# #..#
#..#.. #..#
#.§#.. #.∩#
#§§#.. #..#
##§§##. ##..#
#§§§§#.###...#
#....#...#...#
##....##.##...#


You could see an adder zombie, a quokka zombie, a goblin zombie (dormant), a
kobold zombie and an elf zombie.

Vanquished Creatures
  4 adders
  An ooze (D:2)
  An adder zombie (Ossuary)
  3 worms
  A leopard gecko (D:1)
  An orc (D:3)
  A ball python (D:1)
  5 giant cockroaches
  6 goblins
  3 hobgoblins
  6 jackals
  7 kobolds
  2 quokkas (D:3)
  5 bats
  3 frilled lizards
  A jackal zombie (Ossuary)
  A kobold zombie (Ossuary)
  A quokka zombie (Ossuary)
  9 rats
  A rat zombie (Ossuary)
62 creatures vanquished.

Vanquished Creatures (collateral kills)
  An adder zombie (Ossuary)
  A goblin zombie (Ossuary)
  2 hobgoblin zombies (Ossuary)
  A jackal zombie (Ossuary)
  A kobold zombie (Ossuary)
  An orc zombie (Ossuary)
  A rat zombie (Ossuary)
8 creatures vanquished.

Grand Total: 70 creatures vanquished

Notes
Turn   | Place    | Note
-------+----------+-------------------------------------------
     0 | D:1      | Malog the Octopode Wizard began the quest for the Orb.
     0 | D:1      | Reached XP level 1. HP: 11/11 MP: 4/4
   107 | D:1      | Reached XP level 2. HP: 14/17 MP: 3/6
   621 | D:1      | Found an iron altar of Okawaru.
   838 | D:1      | Reached XP level 3. HP: 13/21 MP: 2/7
   950 | D:1      | Learned a level 2 spell: Blink
   953 | D:1      | Learned a level 2 spell: Call Imp
   957 | D:1      | Learned a level 3 spell: Conjure Flame
  1766 | D:2      | Reached XP level 4. HP: 26/27 MP: 4/9
  1918 | D:2      | Found a blossoming altar of Fedhas.
  2638 | D:3      | Reached skill level 4 in Spellcasting
  3026 | D:3      | Learned a level 3 spell: Mephitic Cloud
  3029 | D:4      | Noticed Pikel
  3029 | D:4      | Noticed a slave
  3029 | D:4      | Noticed a slave
  3109 | D:4      | Found a stormy altar of Qazlal.
  3116 | D:4      | Found a sand-covered staircase.
  3132 | Ossuary  | Entered an ossuary
  3256 | Ossuary  | Reached XP level 5. HP: 28/31 MP: 3/11
  3381 | Ossuary  | Slain by an elf zombie

Skill      XL: |  1  2  3  4 |
---------------+-------------+-----
Conjurations   | 2 3 |  3.3
Spellcasting   | 4 |  4.2
Dodging        | |  2.0
Stealth        | |  2.6
Summonings     | |  1.0
Translocations | |  1.0

Action                   |  1- 3 |  4- 6 || total
-------------------------+-------+-------++-------
Melee: Unarmed           |    30 |       ||    30
       Constrict         |    11 |     9 ||    20
       Tentacles         |     4 |     2 ||     6
       Spear             |    22 |    49 ||    71
 Cast: Magic Dart        |    78 |    69 ||   147
       Conjure Flame     |     1 |       ||     1
       Call Imp          |       |    10 ||    10
       Blink             |       |     1 ||     1
Evoke: Wand              |       |     2 ||     2
  Use: Scroll            |     2 |     3 ||     5
       Potion            |       |     1 ||     1
 Stab: Sleeping          |     2 |     2 ||     4
       Distracted        |       |     1 ||     1
  Eat: Chunk             |     3 |     4 ||     7
Armor: Skin              |     9 |     2 ||    11
Dodge: Dodged            |    71 |    28 ||    99
